AoeStats
← Pwncakes

Nomad

508884637Analyzed
3v3 RM · 9d ago on Sep 24, 2026· 50m 11s· 6 players
Game mode
Random Map
Map size
210×210
Population
200
Speed
Normal
Resources
Standard
Victory
Conquest
Starting age
Dark Age
Ending age
Imperial Age
RankedLock teamsTeams togetherTeam positionsShared explorationLock speedFull tech treeHidden civsTurbo modeCheats
Victory
Defeat
🇺🇸 Saxons · United States
1378
+12
🇺🇸 Franks · United States
1256
+17
🇲🇽 Varangians · Mexico
1215
+20
🇹🇼 Celts · Taiwan
1332
-18
🇹🇼 Mongols · Taiwan
1290
-16
🇹🇼 Huns · Taiwan
1249
-15
東坡肉肉
14:57 Feudal Age
13:32 Loom
15:39 Double-Bit Axe
16:27 Fletching
22:54 Castle Age
20:54 Fishing Lines
25:47 Castle Age
24:59 Stone Mining
26:41 Medium Warships
26:24 Gillnets
29:01 Bodkin Arrow
30:03 Gold Mining
34:47 Gold Shaft Mining
40:16 Imperial Age
38:28 Bow Saw
47:00 Conscription
47:48 Ballistics
49:16 Chemistry
8757
4:37 Loom
14:59 Feudal Age
19:36 Castle Age
19:17 Forging
19:10 Gold Mining
20:52 Scale Barding Armor
26:26 Pikeman
30:11 Scale Mail Armor
31:31 Wheelbarrow
39:08 Horse Collar
42:18 Imperial Age
40:35 Iron Casting
39:51 Fletching
40:09 Town Watch
41:11 Masonry
40:58 Murder Holes
41:53 Chain Mail Armor
42:01 Ballistics
42:56 Squires
42:24 Halberdier
44:27 Blast Furnace
46:42 Heavy Plow
47:53 Chain Barding Armor
48:31 Conscription
49:22 Plate Barding Armor
48:41 Double-Bit Axe
49:49 Elite Tarkan
shumin0802
3:47 Loom
13:35 Feudal Age
14:57 Double-Bit Axe
18:15 Castle Age
16:02 Horse Collar
17:21 Wheelbarrow
17:03 Fletching
18:10 Padded Archer Armor
20:19 Bow Saw
20:34 Bodkin Arrow
23:30 Leather Archer Armor
25:23 Bloodlines
26:35 Town Watch
27:05 Husbandry
28:10 Gold Mining
28:29 Pikeman
29:15 Stone Mining
30:24 Scale Mail Armor
32:12 Hand Cart
33:00 Elite Skirmisher
33:55 Forging
34:51 Thumb Ring
36:12 Heavy Plow
41:03 Imperial Age
39:08 Scale Barding Armor
39:11 Light Cavalry
41:39 Gold Shaft Mining
42:21 Conscription
42:21 Bracer
43:39 Chain Barding Armor
44:42 Squires
46:06 Iron Casting
46:27 Chain Mail Armor
45:33 Man-at-Arms
47:24 Hussar
Maximus1743
5:41 Loom
12:14 Feudal Age
14:00 Bloodlines
13:50 Double-Bit Axe
16:55 Scale Barding Armor
18:42 Forging
23:10 Castle Age
23:34 Light Cavalry
24:44 Town Watch
26:01 Chain Barding Armor
26:50 Wheelbarrow
29:06 Husbandry
30:39 Bow Saw
36:07 Imperial Age
34:39 Horse Collar
36:35 Cavalier
41:47 Iron Casting
42:04 Conscription
43:15 Plate Barding Armor
42:59 Heavy Plow
44:14 Scale Mail Armor
44:58 Squires
45:36 Elite Varangian Guard
50:19 Blast Furnace
50:05 Elite Jarl
Pwncakes
10:17 Loom
12:36 Feudal Age
13:00 Double-Bit Axe
14:21 Gold Mining
16:25 Town Watch
19:34 Castle Age
18:52 Fletching
18:52 Fishing Lines
19:15 Stone Mining
20:32 Bodkin Arrow
21:05 Medium Warships
24:34 Scale Mail Armor
28:11 Ballistics
31:00 Wheelbarrow
33:03 Chain Mail Armor
32:51 Horse Collar
36:42 Imperial Age
35:53 Masonry
37:15 Fortified Wall
37:04 Murder Holes
39:15 Conscription
39:02 Elite Hearth Troop
41:09 Plate Mail Armor
40:49 Forging
41:27 Forging
43:00 Gold Shaft Mining
42:26 Heavy Plow
43:32 Iron Casting
43:47 Shield Wall
44:31 Squires
44:40 Herbal Medicine
46:35 Pikeman
48:22 Hoardings
47:49 Bracer
48:30 Arson
48:07 Elite Varangian Guard
Azwad
4:44 Loom
13:01 Feudal Age
17:40 Castle Age
15:36 Double-Bit Axe
19:49 Bow Saw
20:50 Scale Mail Armor
25:46 Fletching
30:40 Town Watch
32:36 Forging
35:32 Wheelbarrow
35:13 Bodkin Arrow
36:18 Chain Mail Armor
36:38 Iron Casting
37:05 Ballistics
37:03 Hand Cart
37:30 Masonry
37:01 Treadmill Crane
40:01 Imperial Age
40:03 Squires
39:51 Arson
41:06 Conscription
40:06 Elite Throwing Axeman
41:39 Plate Mail Armor
42:09 Blast Furnace
42:07 Hoardings
Connection lost

Rejoining the realm…

Still unreachable

The connection could not be restored.

Session expired

The server has moved on; the page needs a fresh start.